 Dungeon Crawl Stone Soup version 0.19.1 (webtiles) character file.

60 CanadianGator the Shield-Bearer (level 4, -1/37 HPs)
             Began as a Formicid Fighter on Dec 21, 2016.
             Was an Initiate of the Shining One.
             Killed by divine providence
             ... invoked by an orc priest
              (15 damage)
             ... on level 3 of the Dungeon.
             The game lasted 00:04:40 (1759 turns).

CanadianGator the Shield-Bearer (Formicid Fighter)  Turns: 1759, Time: 00:04:41

Health: -1/37      AC: 10    Str: 25    XL:     4   Next: 25%
Magic:  4/4        EV:  7    Int:  8    God:    the Shining One [......]
Gold:   121        SH: 10    Dex: 11    Spells: 0 memorised, 3 levels left

rFire  . . .     SeeInvis +     a - +0 long sword
rCold  . . .     Gourm    .     l - +0 chain mail
rNeg   . . .     Faith    .     c - +0 shield
rPois  .         Spirit   .     (helmet unavailable)
rElec  .         Reflect  .     (no cloak)
rCorr  .         Harm     .     k - +0 pair of gloves
MR     .....                    (no boots)
Stlth  ..........               (no amulet)
                                (no ring)
                                (no ring)

@: mighty, glowing
A: permanent stasis, dig shafts and tunnels, four strong arms, antennae 3
a: Dig, Shaft Self, Renounce Religion


You were on level 3 of the Dungeon.
You worshipped the Shining One.
The Shining One was noncommittal.
You were near starving.

You visited 1 branch of the dungeon, and saw 3 of its levels.

You collected 121 gold pieces.

Inventory:

Hand Weapons
 a - a +0 long sword (weapon)
Armour
 b - a +0 scale mail
 c - a +0 shield (worn)
 k - a +0 pair of gloves (worn)
 l - a +0 chain mail (worn)
Scrolls
 g - 2 scrolls of remove curse
 j - a scroll of random uselessness {unknown}
 n - a scroll of blinking {unknown}
 q - a scroll of fear {unknown}
 s - a scroll of noise {unknown}
 t - a scroll of immolation {unknown}
Potions
 d - a potion of might
 e - a potion of haste {unknown}
 h - a potion of magic
 m - 2 potions of flight
 r - a potion of brilliance
Comestibles
 f - 2 bread rations
 p - a beef jerky


   Skills:
 * Level 3.7 Fighting
 * Level 2.8 Long Blades
 + Level 3.7 Armour
 + Level 0.8 Dodging
 * Level 4.1 Shields


You had 3 spell levels left.
You didn't know any spells.

Dungeon Overview and Level Annotations

Branches:
Dungeon (3/15)

Altars:
Fedhas
Uskayaw
The Shining One


Innate Abilities, Weirdness & Mutations

You are under a permanent stasis effect.
You can dig through walls and to a lower floor.
Your four strong arms can wield two-handed weapons with a shield.
You have a pair of large antennae on your head. (SInv)


Message History

The kobold hits you but does no damage.
Things that are here:
a short sword; a ring mail You closely miss the kobold.
You block the kobold's attack.
You hit the kobold but do no damage. The kobold hits you but does no damage.
You closely miss the kobold. You block the kobold's attack.
The orc priest looks encouraged for a moment.
The kobold barely misses you.
You closely miss the kobold. You block the kobold's attack.
You closely miss the kobold. The kobold hits you but does no damage.
The kobold hits you with a dagger.
You feel very mighty all of a sudden. You block the kobold's attack.
You closely miss the kobold.
The orc priest casts a cantrip, but nothing happens.
The kobold barely misses you.
You closely miss the kobold.
The orc priest invokes the aid of Beogh against you.
Beogh smites you!
You die...

.... ....########
....<......#
....(......#
...........#
.......<(..#
<.........{#
#........hS#####
#.......hooK@(.#
####..#..#####..#
..h.#..# #.#
..h..#... .#
.....#.#. # #.


You could see 2 orc priests, an adder, 2 jackals and a kobold.

Vanquished Creatures
  An adder (D:2)
  An ooze (D:2)
  2 dart slugs
  2 leopard geckos (D:2)
  An orc (D:3)
  A ball python (D:2)
  2 giant cockroaches (D:1)
  5 goblins
  5 hobgoblins
  2 jackals (D:1)
  6 kobolds
  A quokka (D:2)
  5 bats
  A frilled lizard (D:1)
  2 rats (D:2)
37 creatures vanquished.

Notes
Turn   | Place    | Note
-------+----------+-------------------------------------------
     0 | D:1      | CanadianGator the Formicid Fighter began the quest for the Orb.
     0 | D:1      | Reached XP level 1. HP: 18/18 MP: 1/1
   278 | D:1      | Reached XP level 2. HP: 15/24 MP: 2/2
   596 | D:1      | Reached skill level 4 in Shields
   846 | D:2      | Found a blossoming altar of Fedhas.
   923 | D:2      | Reached XP level 3. HP: 29/30 MP: 3/3
  1181 | D:2      | Noticed a dagger
  1182 | D:2      | Noticed a hand axe
  1195 | D:2      | Found a hide-covered altar of Uskayaw.
  1307 | D:2      | Reached XP level 4. HP: 34/37 MP: 4/4
  1482 | D:2      | Found a glowing golden altar of the Shining One.
  1643 | D:2      | Became a worshipper of the Shining One
  1759 | D:3      | Killed from afar by an orc priest

Skill      XL: |  1  2 |
---------------+-------+-----
Shields        | 4 |  4.1
Fighting       | |  3.7
Long Blades    | |  2.8
Armour         | |  3.7
Dodging        | |  0.8

Action                   |  1- 3 |  4- 6 || total
-------------------------+-------+-------++-------
Melee: Long sword        |    96 |    42 ||   138
 Abil: Dig               |     1 |       ||     1
  Use: Scroll            |       |     5 ||     5
       Potion            |       |     1 ||     1
  Eat: Chunk             |     1 |       ||     1
Armor: Scale mail        |    34 |       ||    34
       Chain mail        |     7 |    21 ||    28
Dodge: Dodged            |    32 |    12 ||    44
Block: Shield            |    49 |    23 ||    72
       Rpst.: Long sword |    11 |     4 ||    15
